 Dungeon Crawl Stone Soup version 0.14-a0-736-g2a71271 (webtiles) character file.

123 JacquesDerrida the Chiller (level 3, 0/24 HPs)
             Began as a Demonspawn Ice Elementalist on Nov 7, 2013.
             Slain by a gnoll
             ... wielding a +0,+0 spear
              (3 damage)
             ... on Level 2 of the Dungeon.
             The game lasted 00:03:11 (1216 turns).

JacquesDerrida the Chiller (DsIE)                   Turns: 1216, Time: 00:03:12

HP   0/24        AC  4     Str  9      XL: 3   Next: 58%
MP   3/5         EV 17     Int 16      God:
Gold 72          SH  0     Dex 13      Spells:  1 memorised,  3 levels left

Res.Fire  : . . .   See Invis. : .   h - +0,+2 short sword
Res.Cold  : . . .   Warding    : .   a - +0 robe
Life Prot.: . . .   Conserve   : .   (no shield)
Res.Poison: .       Res.Corr.  : .   (no helmet)
Res.Elec. : .       Clarity    : .   (no cloak)
Sust.Abil.: . .     Spirit.Shd : .   (no gloves)
Res.Mut.  : .       Stasis     : .   (no boots)
Res.Rott. : .       Flight     : .   (no amulet)
Saprovore : . . .                    (no ring)
                                     i - +5 ring of evasion

@: not resistant to hostile enchantments, fairly stealthy
A: AC +2
a: no special abilities


You were on level 2 of the Dungeon.
You were not hungry.

You visited 1 branch of the dungeon, and saw 2 of its levels.

You collected 72 gold pieces.

Inventory:

Hand weapons
 h - a +0,+2 short sword (weapon)
Armour
 a - a +0 robe (worn)
Comestibles
 c - 2 bread rations
Scrolls
 d - a scroll of identify {unknown}
 f - 3 scrolls of fear {unknown}
 j - a scroll of enchant weapon II {unknown}
 k - a scroll of noise {unknown}
 l - a scroll of teleportation {unknown}
 m - a scroll of remove curse {unknown}
Jewellery
 i - a +5 ring of evasion (left hand)
Potions
 e - a potion of magic {unknown}
 g - 2 potions of curing {unknown}
 n - a potion of poison {unknown}
Books
 b - a book of Frost

   Spells                             Type                      Level
   *Freeze                            Ice                          1
   Throw Frost                        Conjuration/Ice              2
   Ozocubu's Armour                   Charms/Ice                   3
   Throw Icicle                       Conjuration/Ice              4
   Summon Ice Beast                   Ice/Summoning                4
   Condensation Shield                Ice                          4


   Skills:
 - Level 1.7 Dodging
 - Level 1.7 Stealth
 - Level 1.0 Spellcasting
   Level 1.0 Conjurations
 + Level 4.2 Ice Magic


You had 3 spell levels left.
You knew the following spells:

 Your Spells              Type           Power        Failure   Level  Hunger
a - Freeze                Ice            ##..         6%          1    ##.....


Dungeon Overview and Level Annotations

Branches:
Dungeon (2/27)

Altars:


Innate Abilities, Weirdness & Mutations

You are partially covered in slimy green scales (AC +2).


Message History

Confirm with . or Enter, or press ? or * to list all spells.
Aiming: Freeze
Press: ? - help, Shift-Dir - straight line, f - gnoll
Aim: a gnoll, wielding a spear You freeze the gnoll.
The gnoll is moderately wounded.
The gnoll barely misses you. The gnoll hits you with a spear!
Ouch! That really hurt!
* * * LOW HITPOINT WARNING * * *
Casting: Freeze
Confirm with . or Enter, or press ? or * to list all spells.
Aiming: Freeze
Press: ? - help, Shift-Dir - straight line, f/p - gnoll
Aim: a gnoll, wielding a spear (moderately wounded)
You freeze the gnoll.
The gnoll is heavily wounded.
The gnoll misses you. The gnoll closely misses you.
The gnoll hits you from afar with a spear.
You die...

#.....#...##
#.###.#...##
#.#...#..###
#######.###.#..###
#.........#.#.....
#.#####.###....##.
#.# #.# #.#####. #.#
#.# #.# #. #@#####.#
#.# #. #..gg.#.# #.#
#. #####.#.# #.# #.
#.#.###.#####. #.#
#g#.......)...
...gg....#.###.######
#####.######.# #.#
.......# #.# #.#
........# #.# #.#


You could see 2 gnolls.

Vanquished Creatures
  A gnoll (D:1)
  An adder (D:2)
  4 bats
  5 giant cockroaches
  4 hobgoblins
  2 kobolds (D:1)
  A ball python (D:2)
  4 giant newts
  6 goblins
  5 rats
33 creatures vanquished.

Notes
Turn   | Place    | Note
--------------------------------------------------------------
     0 | D:1      | JacquesDerrida, the Demonspawn Ice Elementalist, began the quest for the Orb.
     0 | D:1      | Reached XP level 1. HP: 13/13 MP: 3/3
   127 | D:1      | Reached skill level 3 in Ice Magic
   207 | D:1      | Gained mutation: You are partially covered in slimy green scales (AC +2). [demonic ancestry]
   207 | D:1      | Reached XP level 2. HP: 16/19 MP: 0/4
   552 | D:1      | Reached XP level 3. HP: 24/24 MP: 0/5
   723 | D:2      | Reached skill level 4 in Ice Magic
  1216 | D:2      | Slain by a gnoll

Action                   || total
-------------------------++-------
Melee: Unarmed           ||    13
       Short sword       ||    22
 Cast: Freeze            ||    51
 Stab: Sleeping          ||     1
